 Dungeon Crawl Stone Soup version 0.20-b1-2-gc5a9893 (webtiles) character file.

252 Monsterracer the Ruffian (level 6, 0/51 HPs)
             Began as a Naga Transmuter on May 21, 2017.
             Was an Initiate of Cheibriados.
             Slain by Pikel
             ... wielding a +2 whip of electrocution
              (3 damage)
             ... on level 4 of the Dungeon.
             The game lasted 00:09:42 (3654 turns).

Monsterracer the Ruffian (Naga Transmuter)          Turns: 3654, Time: 00:09:43

Health: 0/51       AC:  2    Str: 13    XL:     6   Next: 14%
Magic:  4/9        EV: 19    Int: 17    God:    Cheibriados [......]
Gold:   194        SH:  0    Dex: 17    Spells: 3/9 levels left

rFire    . . .     SeeInvis +     - Unarmed
rCold    + . .     Gourm    .   (shield currently unavailable)
rNeg     . . .     Faith    .   (armour currently unavailable)
rPois    x         Spirit   .   (helmet currently unavailable)
rElec    .         Reflect  .   (cloak currently unavailable)
rCorr    .         Harm     .   (gloves currently unavailable)
MR       .....                  (no barding)
Stlth    ++........             m - amulet of regeneration
Regen    0.6/turn               l - ring of protection from cold
MPRegen  0.2/turn               (no ring)

@: spider-form (expiring), very slow
A: see invisible, slow metabolism 1, spit poison 1, AC +2
a: Spit Poison, End Transformation, Bend Time, Renounce Religion


You were on level 4 of the Dungeon.
You worshipped Cheibriados.
Cheibriados was noncommittal.
You were near starving.
You were a venomous arachnid creature.
You visited 2 branches of the dungeon, and saw 5 of its levels.

You collected 194 gold pieces.

Inventory:

Missiles
 a - 7 arrows
Armour
 b - a +1 robe (melded)
Jewellery
 l - a ring of protection from cold (left front leg)
 m - an amulet of regeneration (around neck)
Wands
 e - a wand of scattershot (4/9)
 n - a wand of flame (29/48)
Scrolls
 f - a scroll of identify
 h - a scroll of remove curse
 j - a scroll of enchant weapon
Books
 c - a book of Changes

   Spells                             Type                      Level
   a - Beastly Appendage              Transmutation                1
   b - Sticks to Snakes               Transmutation                2
   c - Spider Form                    Transmutation/Poison         3
   d - Ice Form                       Ice/Transmutation            4
   e - Blade Hands                    Transmutation                5
Comestibles
 d - 3 bread rations
 g - 2 royal jellies
 i - 3 meat rations


   Skills:
 - Level 1.0 Fighting
 - Level 1.5 Dodging
 * Level 6.1 Unarmed Combat
 - Level 2.0 Spellcasting
 - Level 3.0 Transmutations
 + Level 1.1 Poison Magic


You had 3 spell levels left.
You knew the following spells:

 Your Spells              Type           Power        Failure   Level  Hunger
a - Beastly Appendage     Tmut           ##....       16%         1    #......
b - Sticks to Snakes      Tmut           ##......     22%         2    ###....
c - Spider Form           Tmut/Pois      #.........   45%         3    ###....


Dungeon Overview and Level Annotations

Branches:
Dungeon (4/15)             Temple (1/1) D:4

Altars:
Ashenzari
Cheibriados
Fedhas
Gozag
Hepliaklqana
Kikubaaqudgha
Makhleb
Okawaru
Ru
Sif Muna
Uskayaw
Vehumet
Yredelemnul
Zin
The Shining One

Annotations:
D:4 1 runed door, Pikel


Innate Abilities, Weirdness & Mutations

You cannot wear boots.
((Your serpentine skin is tough. (AC +2)))
You have supernaturally acute eyesight. (SInv)
((Armour fits poorly on your strangely shaped body.))
((Your system is resistant to poisons. (rPois)))
((You cover ground very slowly.))
You have a slow metabolism.
You can spit poison.


Message History

Pikel hits you with a whip of electrocution.
You are electrocuted!
* * * LOW HITPOINT WARNING * * *
You hit Pikel.
Pikel is poisoned.
Pikel is lightly wounded.
Pikel barely misses you.
You hit Pikel.
Pikel looks even sicker.
Pikel is moderately wounded.
You hit Pikel.
Pikel is moderately wounded.
Your transformation is almost over.
Pikel hits you with a whip of electrocution.
* * * LOW HITPOINT WARNING * * *
You are electrocuted!
* * * LOW HITPOINT WARNING * * *
You aren't carrying any potions.
You hit Pikel.
Pikel is heavily wounded.
Pikel hits you with a whip of electrocution.
You die...

##############
#............# .#
#..........).#######...#
'............'.........>
#............###.###...
#............# #.#
#............# #s#
#............# #K#
#............#


ppp #............#...[. #............#...... #............#.......
#...[.[......#.......# #.......+ .. # ... #### ... You could see Pikel and 3
slaves.

Vanquished Creatures
  A slave (D:4)
  Jessica (D:2)
  Natasha (twice) (D:4)
  3 gnolls (D:2)
  6 adders
  3 oozes
  4 worms
  A dart slug (D:1)
  A leopard gecko (D:3)
  An orc (D:3)
  9 bats
  4 giant cockroaches
  5 goblins
  8 hobgoblins
  2 quokkas (D:2)
  4 frilled lizards
  6 kobolds
  5 rats
66 creatures vanquished.

Vanquished Creatures (collateral kills)
  An adder (D:2)
1 creature vanquished.

Grand Total: 67 creatures vanquished

Notes
Turn   | Place    | Note
-------+----------+-------------------------------------------
     0 | D:1      | Monsterracer the Naga Transmuter began the quest for the Orb.
     0 | D:1      | Reached XP level 1. HP: 18/18 MP: 3/3
   429 | D:1      | Reached XP level 2. HP: 24/25 MP: 5/5
   722 | D:1      | Learned a level 2 spell: Sticks to Snakes
   899 | D:2      | Reached skill level 4 in Unarmed Combat
   899 | D:2      | Reached XP level 3. HP: 8/31 MP: 0/6
  1275 | D:2      | Noticed Jessica
  1287 | D:2      | Killed Jessica
  1287 | D:2      | Reached XP level 4. HP: 29/38 MP: 4/7
  1295 | D:2      | Learned a level 3 spell: Spider Form
  1815 | D:2      | Reached skill level 5 in Unarmed Combat
  1986 | D:2      | Reached XP level 5. HP: 33/44 MP: 5/8
  2491 | D:3      | Found a blossoming altar of Fedhas.
  3241 | D:4      | Found a deep blue altar of Sif Muna.
  3253 | D:4      | Found a burning altar of Makhleb.
  3258 | D:4      | Learned a level 2 spell: Sticks to Snakes
  3290 | D:4      | Noticed Natasha
  3295 | D:4      | Killed Natasha
  3317 | D:4      | Found a runed door.
  3367 | D:4      | Found a staircase to the Ecumenical Temple.
  3373 | Temple   | Entered the Ecumenical Temple
  3424 | Temple   | Became a worshipper of Cheibriados the Contemplative
  3552 | D:4      | Reached skill level 6 in Unarmed Combat
  3552 | D:4      | Reached XP level 6. HP: 43/51 MP: 9/9
  3577 | D:4      | Noticed Natasha
  3599 | D:4      | Killed Natasha
  3599 | D:4      | Reached skill level 1 in Poison Magic
  3635 | D:4      | Noticed Pikel
  3635 | D:4      | Noticed a slave
  3635 | D:4      | Noticed a slave
  3637 | D:4      | Noticed a slave
  3638 | D:4      | Noticed a slave
  3649 | D:4      | Killed a slave
  3654 | D:4      | Slain by Pikel

Skill      XL: |  1  2  3  4  5  6 |
---------------+-------------------+-----
Unarmed Combat | 4 5 6 |  6.1
Transmutations | 3 |  3.0
Poison Magic   | 1 |  1.1
Fighting       | |  1.0
Dodging        | |  1.5
Spellcasting   | |  2.0

Action                   |  1- 3 |  4- 6 || total
-------------------------+-------+-------++-------
Melee: Unarmed           |    55 |   200 ||   255
       Headbutt          |     2 |     1 ||     3
       Punch             |       |     3 ||     3
 Cast: Beastly Appendage |     4 |     9 ||    13
       Sticks to Snakes  |     3 |     2 ||     5
       Spider Form       |       |     4 ||     4
 Abil: Spit Poison       |     7 |    23 ||    30
  Use: Potion            |     3 |     2 ||     5
       Scroll            |       |     8 ||     8
 Stab: Sleeping          |       |     1 ||     1
  Eat: Chunk             |     1 |     7 ||     8
Armor: Robe              |     8 |    34 ||    42
Dodge: Dodged            |    34 |   114 ||   148
